AoeStats
← Mayshen

Arabia

509916475Analyzed
1v1 RM · 3d ago on Sep 28, 2026· 58m 34s· 2 players
Game mode
Random Map
Map size
Tiny (2 player)
Population
200
Speed
Normal
Resources
Standard
Victory
Conquest
Starting age
Dark Age
Ending age
Imperial Age
RankedLock teamsTeams togetherTeam positionsShared explorationLock speedFull tech treeHidden civsTurbo modeCheats
Victory
Defeat
🇫🇷 Sicilians · France
1056
+15
🇩🇪 Aztecs · Germany
1025
-15
santiagoruiz11
5:47 Loom
20:33 Feudal Age
25:29 Fletching
26:12 Padded Archer Armor
33:03 Castle Age
44:51 Imperial Age
43:49 Forging
43:44 Scale Barding Armor
44:08 Elite Skirmisher
53:55 Scale Mail Armor
53:51 Bodkin Arrow
57:17 Double-Bit Axe
Mayshen
5:06 Loom
9:36 Feudal Age
20:56 Town Watch
27:48 Castle Age
26:05 Double-Bit Axe
27:34 Wheelbarrow
27:11 Fletching
27:24 Scale Mail Armor
37:27 Elite Skirmisher
49:06 Eagle Warrior
51:29 Bow Saw
Connection lost

Rejoining the realm…

Still unreachable

The connection could not be restored.

Session expired

The server has moved on; the page needs a fresh start.